 Dungeon Crawl Stone Soup version 0.27-a0-1154-gfdeffcb720 (webtiles) character file.

Game seed: 8624545563202556972

3869 Froggeryz the Martial Artist (level 10, -3/81 HPs)
             Began as a Gnoll Monk on May 14, 2021.
             Was an Elder of Cheibriados.
             Slain by a yak (14 damage)
             ... on level 9 of the Dungeon.
             The game lasted 00:17:29 (11375 turns).

Froggeryz the Martial Artist (Gnoll Monk)          Turns: 11375, Time: 00:17:29

Health: -3/81      AC:  8    Str: 23    XL:     10   Next: 19%
Magic:  17/17      EV: 17    Int: 25    God:    Cheibriados [****..]
Gold:   268        SH:  0    Dex: 24    Spells: 17/19 levels left

rFire    + . .     SeeInvis +     - Unarmed
rCold    . . .     Faith    .   (no shield)
rNeg     . . .     Spirit   .   j - +0 ring mail
rPois    .         Reflect  .   o - +0 helmet
rElec    .         Harm     .   (no cloak)
rCorr    .         Rampage  .   v - +0 pair of gloves
Will     .....                  (no boots)
Stlth    +++.......             b - amulet of magic regeneration
HPRegen  0.23/turn              a - ring of protection from fire
MPRegen  0.40/turn              r - ring "Lucvea Berr" {Int+4 SInv}

@: very slow
A: fangs 1, strong nose, distributed training
a: Renounce Religion, Bend Time, Temporal Distortion, Slouch


You were on level 9 of the Dungeon.
You worshipped Cheibriados.
Cheibriados was greatly pleased with you.
You visited 1 branch of the dungeon, and saw 9 of its levels.

You collected 528 gold pieces.
You spent 260 gold pieces at shops.

Inventory:

Missiles
 k - 18 poisoned darts (quivered)
 l - 92 sling bullets
Armour
 j - a +0 ring mail (worn)
 o - a +0 helmet (worn)
 v - a +0 pair of gloves (worn)
 w - a +2 buckler of protection
Jewellery
 a - a ring of protection from fire (left hand)
 b - an amulet of magic regeneration (around neck)
 r - the ring "Lucvea Berr" (right hand) {Int+4 SInv}
   (You found it on level 4 of the Dungeon)

   [ring of see invisible]

   It affects your intelligence (+4).
   It lets you see invisible.
 B - a ring of see invisible
 D - a ring of resist corrosion
Wands
 d - a wand of flame (26)
 p - a wand of digging (6)
 y - a wand of charming (4)
 A - a wand of iceblast (11)
Scrolls
 e - a scroll of blinking
 g - 3 scrolls of enchant weapon
 i - 2 scrolls of teleportation
 m - a scroll of torment
 n - 2 scrolls of fear
 s - 6 scrolls of identify
 u - a scroll of silence
 z - a scroll of amnesia {unknown}
 E - a scroll of brand weapon {unknown}
Potions
 c - 2 potions of curing
 f - 3 potions of flight
 h - 4 potions of heal wounds
 q - a potion of haste
 t - a potion of ambrosia {unknown}
 x - a potion of attraction {unknown}
 C - a potion of brilliance


   Skills:
 + Level 8.3 Fighting
 + Level 5.0 Short Blades
 + Level 5.0 Long Blades
 + Level 5.0 Axes
 + Level 5.0 Maces & Flails
 + Level 5.0 Polearms
 + Level 5.0 Staves
 + Level 5.0 Slings
 + Level 5.0 Bows
 + Level 5.0 Crossbows
 + Level 5.0 Throwing
 + Level 5.0 Armour
 + Level 8.3 Dodging
 + Level 6.6 Stealth
 + Level 5.0 Shields
 + Level 8.3 Unarmed Combat
 + Level 5.0 Spellcasting
 + Level 4.1 Conjurations
 + Level 4.1 Hexes
 + Level 4.1 Summonings
 + Level 4.1 Necromancy
 + Level 4.1 Translocations
 + Level 4.1 Transmutations
 + Level 4.1 Fire Magic
 + Level 4.1 Ice Magic
 + Level 4.1 Air Magic
 + Level 4.1 Earth Magic
 + Level 4.1 Poison Magic
 + Level 5.5 Invocations
 + Level 5.0 Evocations


You had 17 spell levels left.
You knew the following spells:

 Your Spells              Type           Power      Damage    Failure   Level
a - Blink                 Tloc           N/A        N/A       3%          2

Your spell library contained the following spells:

 Spells                   Type           Power      Damage    Failure   Level
 Freeze                   Ice            100%       1d11      2%          1
 Magic Dart               Conj           100%       1d8       2%          1
 Call Imp                 Summ           27%        N/A       3%          2
 Slow                     Hex            27%        N/A       3%          2
 Conjure Flame            Conj/Fire      27%        6-21      7%          3
 Frozen Ramparts          Ice            54%        1d7       7%          3
 Mephitic Cloud           Conj/Pois/Air  27%        N/A       7%          3
 Ozocubu's Armour         Ice            27%        N/A       7%          3
 Hailstorm                Conj/Ice       27%        3d7       22%         4
 Bolt of Magma            Conj/Fire/Erth 13%        4d8       52%         5
 Iskenderun's Battlesphe  Conj           27%        2d8       52%         5
 Metabolic Englaciation   Hex/Ice        13%        N/A       52%         5
 Iron Shot                Conj/Erth      13%        9d3       98%         6
 Orb of Destruction       Conj           13%        9d6       100%        7
 Spellforged Servitor     Conj/Summ      13%        N/A       100%        7


Dungeon Overview and Level Annotations

Branches:
Dungeon (9/15)             Temple (0/1) D:5
   Lair: D:8-11         Orc: D:9-12

Altars:
Cheibriados
Kikubaaqudgha
Okawaru
Trog
Uskayaw
Xom
Yredelemnul

Shops:
D:7 *   D:8 *?![*


Innate Abilities, Weirdness & Mutations

You have very sharp teeth.
Your uncanny sense of smell can sniff out nearby items.
Your experience applies equally to all skills.


Message History

Your bite misses the yak.
The yak is moderately wounded.
The yak gores you. The yak completely misses you.
You are too injured to fight recklessly!
You are too injured to fight recklessly!
You are too injured to fight recklessly!
You are too injured to fight recklessly!
You are too injured to fight recklessly!
You are too injured to fight recklessly!
You are too injured to fight recklessly!
You are too injured to fight recklessly!
You are too injured to fight recklessly!
You are too injured to fight recklessly!
You are too injured to fight recklessly!
You are too injured to fight recklessly!
You are too injured to fight recklessly!
You are too injured to fight recklessly!
You are too injured to fight recklessly!
You are too injured to fight recklessly!
You are too injured to fight recklessly!
You punch the yak!
The yak is severely wounded.
The yak gores you! The yak misses you.
You hit the yak.
The yak is severely wounded.
The yak gores you!
* * * LOW HITPOINT WARNING * * *
The yak barely misses you.
You barely miss the yak. You bite the yak, but do no damage.
The yak is severely wounded.
The yak gores you!
* * * LOW HITPOINT WARNING * * *
You punch the yak!
The yak is almost dead.
The yak gores you but does no damage.
You completely miss the yak. You punch the yak.
You kill the yak!
Cheibriados thoroughly appreciates the change of pace.
The yak gores you!
You die...

##### #...#
#.(.# #...#
#...#
#...###+###
#†@Y......#
##†##.....#
#...#.....#
#...#.....#
#...#.....#
#...#.....#
#...#.....#
#...#.....#
#####.....#


You could see a yak.

Vanquished Creatures
  2 orc warriors (D:8)
  Sigmund (D:6)
  A shadow (D:9)
  4 yaks
  Duvessa (D:7)
  A hornet zombie (D:5)
  A sky beast (D:6)
  3 ice beasts
  2 centaurs
  A kobold brigand (D:8)
  5 bullfrogs
  Dowan (D:7)
  4 scorpions
  A wyvern zombie (D:8)
  A wight (D:8)
  5 killer bees
  The ghost of Sergey the Firebug, a weakling NaFE (D:4)
  A howler monkey (D:5)
  A bullfrog zombie (D:7)
  2 centaur zombies (D:6)
  4 hounds
  2 jellies (D:7)
  A gnoll shaman (D:8)
  3 orc priests
  A bullfrog skeleton (D:7)
  4 iguanas
  A scorpion zombie (D:5)
  7 orc wizards
  2 killer bee zombies (D:8)
  A hound zombie (D:5)
  A hound skeleton (D:5)
  Robin (D:4)
  A howler monkey skeleton (D:7)
  4 adders
  A shadow imp (D:7)
  An ufetubus (D:5)
  2 adder skeletons (D:4)
  A worm (D:2)
  2 dart slugs
  10 orcs
  6 ball pythons
  4 bats
  9 endoplasms
  4 giant cockroaches
  13 hobgoblins
  5 jackals
  2 quokkas
  3 frilled lizards
  13 goblins
  10 kobolds
  3 rats (D:3)
161 creatures vanquished.

Vanquished Creatures (collateral kills)
  An ice beast (D:8)
  A necrophage (D:8)
  An orc priest (D:8)
  2 orcs (D:8)
5 creatures vanquished.

Vanquished Creatures (others)
  A wyvern zombie (D:5)
  A killer bee (D:8)
  A goblin (D:4)
  A hobgoblin (D:4)
4 creatures vanquished.

Grand Total: 170 creatures vanquished

Notes
Turn   | Place    | Note
-------+----------+-------------------------------------------
     0 | D:1      | Froggeryz the Gnoll Monk began the quest for the Orb.
     0 | D:1      | Reached XP level 1. HP: 23/23 MP: 1/1
   145 | D:1      | Reached XP level 2. HP: 11/29 MP: 2/2
   357 | D:1      | Found a faded altar of an unknown god.
   935 | D:1      | Reached XP level 3. HP: 31/35 MP: 3/3
  2032 | D:3      | Reached skill level 1 in Invocations
  2342 | D:3      | Reached skill level 1 in Short Blades
  2342 | D:3      | Reached skill level 1 in Long Blades
  2342 | D:3      | Reached skill level 1 in Axes
  2342 | D:3      | Reached skill level 1 in Maces & Flails
  2342 | D:3      | Reached skill level 1 in Polearms
  2342 | D:3      | Reached skill level 1 in Staves
  2342 | D:3      | Reached skill level 1 in Slings
  2342 | D:3      | Reached skill level 1 in Bows
  2342 | D:3      | Reached skill level 1 in Crossbows
  2342 | D:3      | Reached skill level 1 in Throwing
  2342 | D:3      | Reached skill level 1 in Armour
  2342 | D:3      | Reached skill level 1 in Shields
  2342 | D:3      | Reached skill level 1 in Spellcasting
  2342 | D:3      | Reached skill level 1 in Evocations
  2564 | D:3      | Reached XP level 4. HP: 41/41 MP: 5/5
  3094 | D:4      | Noticed a scorpion
  3118 | D:3      | Reached skill level 1 in Conjurations
  3118 | D:3      | Reached skill level 1 in Hexes
  3118 | D:3      | Reached skill level 1 in Summonings
  3118 | D:3      | Reached skill level 1 in Necromancy
  3118 | D:3      | Reached skill level 1 in Translocations
  3118 | D:3      | Reached skill level 1 in Transmutations
  3118 | D:3      | Reached skill level 1 in Fire Magic
  3118 | D:3      | Reached skill level 1 in Ice Magic
  3118 | D:3      | Reached skill level 1 in Air Magic
  3118 | D:3      | Reached skill level 1 in Earth Magic
  3118 | D:3      | Reached skill level 1 in Poison Magic
  3183 | D:4      | Noticed Sergey's ghost (weakling NaFE)
  3184 | D:4      | Found a runed translucent door.
  3192 | D:4      | Noticed Robin
  3327 | D:4      | Found a basalt altar of Yredelemnul.
  3345 | D:4      | Noticed a scorpion
  3882 | D:4      | Reached XP level 5. HP: 31/47 MP: 7/7
  4224 | D:4      | Reached XP level 6. HP: 30/53 MP: 8/8
  4696 | D:4      | Killed Robin
  4885 | D:4      | Learned a level 2 spell: Blink
  4990 | D:4      | Killed Sergey's ghost
  4997 | D:4      | Identified the ring "Lucvea Berr" {Int+4 SInv}
  5057 | D:5      | Entered Level 5 of the Dungeon
  5085 | D:5      | Found a bloodstained altar of Trog.
  5113 | D:5      | Reached XP level 7. HP: 14/59 MP: 10/10
  5417 | D:5      | Found a snail-covered altar of Cheibriados.
  5511 | D:5      | Became a worshipper of Cheibriados the Contemplative
  5511 | D:5      | Reached * piety under Cheibriados
  5511 | D:5      | Reached ** piety under Cheibriados
  5541 | D:5      | Found an iron altar of Okawaru.
  5832 | D:5      | Found a shimmering altar of Xom.
  5856 | D:5      | Reached skill level 5 in Stealth
  6062 | D:5      | Found a staircase to the Ecumenical Temple.
  6258 | D:5      | Reached XP level 8. HP: 67/67 MP: 12/12
  6759 | D:6      | Found an ancient bone altar of Kikubaaqudgha.
  7350 | D:6      | Noticed Sigmund
  7372 | D:6      | Killed Sigmund
  7392 | D:6      | Found a hide-covered altar of Uskayaw.
  7629 | D:6      | Reached *** piety under Cheibriados
  7875 | D:6      | Reached XP level 9. HP: 65/72 MP: 14/14
  8823 | D:7      | Found Apnejel's Assorted Antiques.
  8885 | D:7      | Bought a shiny buckler for 172 gold pieces
  8885 | D:7      | Bought a scroll labelled ZIYTIGHUTY for 23 gold pieces
  9201 | D:7      | Noticed Duvessa
  9201 | D:7      | Noticed Dowan
  9228 | D:7      | Killed Duvessa
  9236 | D:7      | Killed Dowan
  9758 | D:8      | Found Hiopniob's Magic Scroll Shop.
  9910 | D:8      | Found Alyhiq's Distillery.
  9914 | D:8      | Found Wegrumn Giha's Antique Armour Shop.
  9997 | D:8      | Bought a potion of heal wounds for 65 gold pieces
 10042 | D:8      | Found Vali's General Store.
 10089 | D:8      | Reached **** piety under Cheibriados
 10146 | D:8      | HP: 3/74 [orc warrior/+0 glaive (14)]
 10148 | D:8      | Reached skill level 5 in Invocations
 10735 | D:8      | Found Suconuleo's Assorted Antiques.
 10915 | D:8      | Reached XP level 10. HP: 60/80 MP: 17/17
 11364 | D:9      | Reached skill level 5 in Short Blades
 11364 | D:9      | Reached skill level 5 in Long Blades
 11364 | D:9      | Reached skill level 5 in Axes
 11364 | D:9      | Reached skill level 5 in Maces & Flails
 11364 | D:9      | Reached skill level 5 in Polearms
 11364 | D:9      | Reached skill level 5 in Staves
 11364 | D:9      | Reached skill level 5 in Slings
 11364 | D:9      | Reached skill level 5 in Bows
 11364 | D:9      | Reached skill level 5 in Crossbows
 11364 | D:9      | Reached skill level 5 in Throwing
 11364 | D:9      | Reached skill level 5 in Armour
 11364 | D:9      | Reached skill level 5 in Shields
 11364 | D:9      | Reached skill level 5 in Spellcasting
 11364 | D:9      | Reached skill level 5 in Evocations
 11375 | D:9      | Slain by a yak

Illustrated notes

Levels and vault maps discovered:
D:1:      saegor_arrival_miasma, layout_loops_ring,
          hellmonk_ecumenical_altar_pennies_from_heaven,
          minmay_stone_trees_large, chequers_jeans
D:2:      layout_basic
D:3:      layout_basic
D:4:      layout_cave_pools, lemuel_tele_altar, hellmonk_ghost_happy_afterlife,
          uniq_robin
D:5:      layout_rooms, nicolae_overflow_crystal_walls, lemuel_doored_altar,
          amcnicky_altar_gilded, lemuel_crystal_altar,
          minmay_temple_entry_mini_moons, lemuel_flame_loot_1
D:6:      layout_basic, nicolae_uskayaw_dance_hall, lemuel_crystal_altar,
          minmay_misc_feat_x, uniq_sigmund
D:7:      layout_gridville, serial_shops, shop, uniq_duvessa
D:8:      minmay_four_partial_circles, layout_loops_ring, serial_shops, shop,
          shop, shop_fountains, shop, shop
D:9:      layout_grid_maze, overflow_temple_1_default, dpeg_oklobed_lair,
          orc_0_dummy, st_stairs_11

Skill      XL: |  1  2  3  4  5  6  7  8  9 10 |
---------------+-------------------------------+-----
Invocations    | 1 2 3 4 5 |  5.5
Short Blades   | 1 2 3 4 5 |  5.0
Long Blades    | 1 2 3 4 5 |  5.0
Axes           | 1 2 3 4 5 |  5.0
Maces & Flails | 1 2 3 4 5 |  5.0
Polearms       | 1 2 3 4 5 |  5.0
Staves         | 1 2 3 4 5 |  5.0
Slings         | 1 2 3 4 5 |  5.0
Bows           | 1 2 3 4 5 |  5.0
Crossbows      | 1 2 3 4 5 |  5.0
Throwing       | 1 2 3 4 5 |  5.0
Armour         | 1 2 3 4 5 |  5.0
Shields        | 1 2 3 4 5 |  5.0
Spellcasting   | 1 2 3 4 5 |  5.0
Evocations     | 1 2 3 4 5 |  5.0
Conjurations   | 1 2 3 4 |  4.1
Hexes          | 1 2 3 4 |  4.1
Summonings     | 1 2 3 4 |  4.1
Necromancy     | 1 2 3 4 |  4.1
Translocations | 1 2 3 4 |  4.1
Transmutations | 1 2 3 4 |  4.1
Fire Magic     | 1 2 3 4 |  4.1
Ice Magic      | 1 2 3 4 |  4.1
Air Magic      | 1 2 3 4 |  4.1
Earth Magic    | 1 2 3 4 |  4.1
Poison Magic   | 1 2 3 4 |  4.1
Fighting       | 7 8 |  8.3
Dodging        | 7 8 |  8.3
Unarmed Combat | 7 8 |  8.3
Stealth        | 5 6 |  6.6

Action                   |  1- 3 |  4- 6 |  7- 9 | 10-12 || total
-------------------------+-------+-------+-------+-------++-------
Melee: Unarmed           |    99 |   212 |   371 |    45 ||   727
       Bite              |     9 |    18 |    63 |    12 ||   102
       Punch             |       |     9 |    12 |     5 ||    26
Throw: Dart              |       |     4 |    22 |       ||    26
Evoke: Wand              |       |       |     3 |       ||     3
  Use: Scroll            |       |     7 |     6 |       ||    13
       Potion            |       |     1 |     7 |       ||     8
 Stab: Sleeping          |    12 |     2 |     3 |       ||    17
       Distracted        |     1 |     1 |       |       ||     2
Armor: Robe              |     2 |       |       |       ||     2
       Ring mail         |     6 |    64 |    92 |     2 ||   164
       Skin              |       |       |     9 |       ||     9
Dodge: Dodged            |    41 |   151 |   315 |    30 ||   537
Block: Buckler           |       |       |    17 |       ||    17

Table legend: (Time is in decaauts)
 A = Elapsed time spent in this place.
 B = Non-inter-level travel time spent in this place.
 C = Inter-level travel time spent in this place.
 D = Time resting spent in this place.
 E = Time spent auto-exploring this place.
 F = Levels seen in this place.
 G = Mean time per level.
                   A        B        C        D        E       F      G
               +--------+--------+--------+--------+--------+-----+--------+
         Total |  12882 |  12399 |    483 |   3129 |   7389 |   9 | 1431.3 |
       Dungeon |  12882 |  12399 |    483 |   3129 |   7389 |   9 | 1431.3 |
               +--------+--------+--------+--------+--------+-----+--------+

Top non-repeatable levels by time:
     D:8: 2019 daAuts
     D:7: 1981 daAuts
     D:5: 1774 daAuts
     D:3: 1706 daAuts
     D:6: 1673 daAuts
     D:4: 1598 daAuts
     D:1: 1333 daAuts
     D:2: 663 daAuts
     D:9: 129 daAuts
